 Dungeon Crawl Stone Soup version 0.21-a0-1-gaf3b9a5 (webtiles) character file.

55 Alarkh the Chopper (level 3, -6/29 HPs)
             Began as a Demonspawn Monk on May 20, 2017.
             Killed from afar by Natasha (8 damage)
             ... with a magic dart
             ... on level 3 of the Dungeon.
             The game lasted 00:02:49 (2588 turns).

Alarkh the Chopper (Demonspawn Monk)                Turns: 2588, Time: 00:02:49

Health: -6/29      AC:  1    Str: 11    XL:     3   Next: 67%
Magic:  3/3        EV: 18    Int: 12    God:
Gold:   130        SH:  0    Dex: 20    Spells: 2/2 levels left

rFire    + . .     SeeInvis .   a - +0 hand axe
rCold    . . .     Gourm    .   (no shield)
rNeg     . . .     Faith    .   b - +0 robe
rPois    .         Spirit   .   (no helmet)
rElec    .         Reflect  .   (no cloak)
rCorr    .         Harm     .   (no gloves)
MR       +....                  (no boots)
Stlth    +++.......             (no amulet)
Regen    0.1/turn               j - ring of protection from fire
MPRegen  0.1/turn               (no ring)

@: agile, slowed, very slow
A: deformed body, magic resistance 1, sturdy frame 1
a: no special abilities


You were on level 3 of the Dungeon.
You were not hungry.

You visited 1 branch of the dungeon, and saw 3 of its levels.

You collected 130 gold pieces.

Inventory:

Hand Weapons
 a - a +0 hand axe (weapon)
Armour
 b - a +0 robe (worn)
Jewellery
 j - a ring of protection from fire (left hand)
Scrolls
 f - a scroll of magic mapping {unknown}
 g - a scroll of remove curse {unknown}
 i - a scroll of enchant weapon {unknown}
 n - a scroll of enchant armour {unknown}
Potions
 h - a potion of berserk rage
 k - a potion of mutation
 l - a potion of agility
 p - a potion of flight {unknown}
Comestibles
 c - 2 bread rations
 o - a meat ration


   Skills:
 - Level 3.0 Fighting
 + Level 4.2 Axes
 - Level 2.6 Dodging
 - Level 1.7 Stealth


You had 2 spell levels left.
You didn't know any spells.

Dungeon Overview and Level Annotations

Branches:
Dungeon (3/15)

Altars:
Ashenzari
Gozag
Nemelex Xobeh

Annotations:
D:2 2 transporters
D:3 Natasha


Innate Abilities, Weirdness & Mutations

Your movements are slightly less encumbered by armour. (ER -2)
Armour fits poorly on your strangely shaped body.
You are resistant to hostile enchantments. (MR+)


Message History

Natasha is severely wounded.
You closely miss the crimson imp. The crimson imp hits you. Natasha claws you.
You are too injured to fight recklessly!
You are too injured to fight recklessly!
The crimson imp closely misses you. Natasha casts a spell at you.
You feel yourself slow down.
You climb downwards.
The crimson imp disappears in a puff of smoke!
There is a stone staircase leading up here.
You hit Natasha.
Natasha is almost dead.
Natasha claws you!
* * * LOW HITPOINT WARNING * * *
It was a potion of agility.
You feel agile all of a sudden. Natasha misses you.
Natasha casts a spell at you. The magic dart hits you!
You die...

### #..
#.# #.#
#.# #.#
##.######.
#h@.......
#..######.
#(.# #..#
#..# #..#
...# ....


You could see Natasha.

Vanquished Creatures
  An adder (D:3)
  A worm (D:2)
  A dart slug (D:2)
  A leopard gecko (D:1)
  A giant cockroach (D:2)
  8 goblins
  A hobgoblin (D:1)
  5 kobolds
  2 quokkas (D:2)
  A ball python (D:2)
  7 bats
  2 frilled lizards (D:1)
  12 rats
43 creatures vanquished.

Notes
Turn   | Place    | Note
-------+----------+-------------------------------------------
     0 | D:1      | Alarkh the Demonspawn Monk began the quest for the Orb.
     0 | D:1      | Reached XP level 1. HP: 18/18 MP: 1/1
   179 | D:1      | Reached skill level 3 in Axes
   273 | D:1      | Gained mutation: Your movements are slightly less encumbered by armour. (ER -2) [demonic ancestry]
   273 | D:1      | Reached XP level 2. HP: 20/24 MP: 2/2
  1757 | D:2      | Reached XP level 3. HP: 29/29 MP: 3/3
  1773 | D:2      | Found an opulent altar of Gozag.
  1774 | D:2      | Found a sparkling altar of Nemelex Xobeh.
  1988 | D:2      | Found a shattered altar of Ashenzari.
  1988 | D:2      | Noticed a scorpion
  2199 | D:2      | Found a shattered altar of Ashenzari.
  2249 | D:2      | Saw a vision of the Shoals and the Spider Nest.
  2249 | D:2      | Noticed a sea snake
  2249 | D:2      | Noticed a hippogriff
  2249 | D:2      | Noticed a hippogriff
  2249 | D:2      | Noticed a merfolk siren
  2249 | D:2      | Noticed a centaur
  2249 | D:2      | Noticed a merfolk
  2249 | D:2      | Noticed a sea snake
  2249 | D:2      | Noticed a sea snake
  2249 | D:2      | Noticed a wolf spider
  2249 | D:2      | Noticed a redback
  2249 | D:2      | Noticed a redback
  2249 | D:2      | Noticed a redback
  2250 | D:2      | Noticed a merfolk
  2250 | D:2      | Noticed a wolf spider
  2251 | D:2      | Noticed a wolf spider
  2251 | D:2      | Noticed a wolf spider
  2252 | D:2      | Noticed a wolf spider
  2319 | D:2      | Reached skill level 4 in Axes
  2409 | D:2      | Noticed Natasha
  2575 | D:2      | Gained mutation: Armour fits poorly on your strangely shaped body. [potion of mutation]
  2575 | D:2      | Gained mutation: You are resistant to hostile enchantments. (MR+) [potion of mutation]
  2588 | D:3      | Killed from afar by Natasha

Vault maps used:
D:1:      dpeg_arrival_solitude, minmay_rat_gold_closets
D:2:      grunt_temple_overflow_opulence, gammafunk_temple_overflow_arena,
          first_bread, grunt_ashenzari_visionary, uniq_natasha

Skill      XL: |  1  2  3 |
---------------+----------+-----
Axes           | 3 4 |  4.2
Fighting       | |  3.0
Dodging        | |  2.6
Stealth        | |  1.7

Action                   || total
-------------------------++-------
Melee: Hand axe          ||   144
  Use: Potion            ||     3
       Scroll            ||     2
 Stab: Sleeping          ||    10
  Eat: Chunk             ||     3
       Royal jelly       ||     1
Armor: Robe              ||    19
Dodge: Dodged            ||   105
